 Dungeon Crawl Stone Soup version 0.26-a0-670-g578ab304f5 (webtiles) character file.

Game seed: 1718183644377504369

(classic levelgen) 2 EnegeticOcto the Chiller (level 1, 0/11 HPs)
             Began as a Halfling Ice Elementalist on Oct 19, 2020.
             Succumbed to an adder's poison
             ... on level 2 of the Dungeon.
             The game lasted 00:00:43 (101 turns).

EnegeticOcto the Chiller (Halfling Ice Elementalist) Turns: 101, Time: 00:00:44

Health: 0/11       AC:  3    Str:  9    XL:     1   Next: 33%
Magic:  0/3        EV: 15    Int: 13    God:
Gold:   0          SH:  0    Dex: 14    Spells: 2/3 levels left

rFire    . . .     SeeInvis .   (weapon restricted)
rCold    . . .     Faith    .   (shield restricted)
rNeg     . . .     Spirit   .   a - +0 robe
rPois    .         Reflect  .   (no helmet)
rElec    .         Harm     .   (no cloak)
rCorr    .         Rampage  .   (no gloves)
MR       .....                  c - +0 pair of boots
Stlth    ++........             (no amulet)
HPRegen  0.03/turn              (no ring)
MPRegen  0.08/turn              (no ring)

@: lethally poisoned (0 -> -7)
A: small, mutation resistance 1
a: no special abilities


You were on level 2 of the Dungeon.
You visited 1 branch of the dungeon, and saw 2 of its levels.

Inventory:

Missiles
 b - 11 stones (quivered)
Armour
 a - a +0 robe (worn)
 c - a +0 pair of boots (worn)


   Skills:
 - Level 2.1 Dodging
 - Level 2.1 Stealth
 - Level 1.5 Spellcasting
 + Level 4.1 Ice Magic


You had 2 spell levels left.
You knew the following spells:

 Your Spells              Type           Power        Failure   Level
a - Freeze                Ice            ##..         4%          1

Your spell library contained the following spells:

 Spells                   Type           Power        Failure   Level
 Frozen Ramparts          Ice            ##....       14%         3
 Ozocubu's Armour         Ice            ##......     14%         3
 Hailstorm                Conj/Ice       #.......     75%         4
 Summon Ice Beast         Ice/Summ       #.......     75%         4


Dungeon Overview and Level Annotations

Branches:
Dungeon (2/15)

Altars:


Innate Abilities, Weirdness & Mutations

You are small and have problems with some larger weapons.
You are somewhat resistant to further mutation.


Message History

b - a stone You open the door.
Found 21 stones.
Found 11 stones.
There is an open door here.
b - 4 stones (gained 3)
b - 8 stones (gained 4)
b - 9 stones (gained 1)
b - 11 stones (gained 2)
You open the door.
Found a stone staircase leading down.
There is an open door here.
Found a pair of boots.
You see here a pair of boots.
You start putting on your armour.
You continue putting on your pair of boots. x4
You finish putting on your +0 pair of boots.
(D) Dungeon
Where to? (? - help)
There is a stone staircase leading down here.
You climb downwards.
There is a stone staircase leading up here.
Found a ring mail and a robe.
You open the door.
Found a stone staircase leading down.
There is an open door here.
You open the door.
A leopard gecko comes into view.
There is an open door here.
Found 5 atropa-tipped darts.
A bat comes into view.
A rat comes into view.
Casting: Freeze (safe; 5% risk of failure)
Confirm with . or Enter, or press ? or * to list all spells.
Aiming: Freeze (safe; 5% risk of failure)
Press: ? - help, Shift-Dir - straight line, f - leopard gecko
Aim: a leopard gecko (asleep)
You freeze the leopard gecko.
The leopard gecko is heavily wounded.
The leopard gecko seems to slow down.
Casting: Freeze (safe; 5% risk of failure)
Confirm with . or Enter, or press ? or * to list all spells.
Aiming: Freeze (safe; 5% risk of failure)
Press: ? - help, Shift-Dir - straight line, f/p - leopard gecko
Aim: a leopard gecko (heavily wounded, slow)
You freeze the leopard gecko.
The leopard gecko is almost dead.
The bat misses you. The leopard gecko closely misses you.
The bat hits you but does no damage.
Casting: Freeze (safe; 5% risk of failure)
Confirm with . or Enter, or press ? or * to list all spells.
Aiming: Freeze (safe; 5% risk of failure)
Press: ? - help, Shift-Dir - straight line, f/p - leopard gecko
Aim: a leopard gecko (almost dead, slow)
You freeze the leopard gecko.
You kill the leopard gecko!
The bat hits you but does no damage.
Casting: Freeze (safe; 4% risk of failure)
Confirm with . or Enter, or press ? or * to list all spells.
You don't have enough magic to cast that spell.
The bat hits you. The bat closely misses you. The bat misses you.
An adder comes into view.
The adder hisses angrily.
The bat hits you but does no damage. The bat barely misses you.
An adder comes into view.
The bat misses you.
A ball python comes into view.
The adder hisses angrily.
The adder bites you. The adder barely misses you.
Found a scroll labeled QIHIENNE ZAKK.
You closely miss the adder.
The ball python hisses angrily.
The adder closely misses you. x2
Casting: Freeze (safe; 4% risk of failure)
Confirm with . or Enter, or press ? or * to list all spells.
Aiming: Freeze (safe; 4% risk of failure)
Press: ? - help, Shift-Dir - straight line, f - adder
Aim: an adder You freeze the adder.
The adder is lightly wounded.
The adder seems to slow down.
The adder barely misses you. The adder bites you. x2
You are lethally poisoned!
The adder poisons you!
You barely miss the adder.
The adder is lightly wounded.
* * * LOW HITPOINT WARNING * * *
You feel sick. The adder misses you. The adder closely misses you.
You hit the adder.
The adder is lightly wounded.
The adder misses you. The adder closely misses you.
You barely miss the adder.
The adder is lightly wounded.
The adder misses you. The adder bites you.
* * * LOW HITPOINT WARNING * * *
You hit the adder but do no damage.
The adder is lightly wounded.
You die...

#.#.........#
.###...........#
.(.....†.......#
.....r...r.....#
.....#.###.#####
.....#. #.# ...
... #.# ..
.##..#.#######.##
.
.........SrS@S...#
##.##.#.#######..#
#.#.# .?. # #.# .
..# S.# #..# ...


You could see 2 adders, a ball python and a rat.

Vanquished Creatures
  A leopard gecko (D:2)
1 creature vanquished.

Notes
Turn   | Place    | Note
-------+----------+-------------------------------------------
     0 | D:1      | EnegeticOcto the Halfling Ice Elementalist began the quest
                  | for the Orb.
     0 | D:1      | Reached XP level 1. HP: 11/11 MP: 3/3
   101 | D:2      | Succumbed to an adder's poison

Illustrated notes

Levels and vault maps discovered:
D:1:      minmay_arrival_shattered_statue, layout_basic, hangedman_decor_points,
          minmay_distorted
D:2:      layout_basic

Action                   || total
-------------------------++-------
Melee: Unarmed           ||     5
 Cast: Freeze            ||     4
Armor: Robe              ||     3
Dodge: Dodged            ||    15

Table legend: (Time is in decaauts)
 A = Elapsed time spent in this place.
 B = Non-inter-level travel time spent in this place.
 C = Inter-level travel time spent in this place.
 D = Time resting spent in this place.
 E = Time spent auto-exploring this place.
 F = Levels seen in this place.
 G = Mean time per level.
                   A        B        C        D        E       F      G
               +--------+--------+--------+--------+--------+-----+--------+
         Total |    100 |     92 |      8 |      0 |      0 |   2 |   50.0 |
       Dungeon |    100 |     92 |      8 |      0 |      0 |   2 |   50.0 |
               +--------+--------+--------+--------+--------+-----+--------+

Top non-repeatable levels by time:
     D:2: 64 daAuts
     D:1: 36 daAuts
